 Dungeon Crawl Stone Soup version 0.32-a0-868-g153ae1a8d6 (webtiles) character file.

Game seed: 10331248311235504233

109 Shayle the Apothecary (level 4, 0/30 HPs)
             Began as a Coglin Alchemist on Mar 28, 2024.
             Slain by a gnoll
             ... wielding a +0 spear
              (4 damage)
             ... on level 3 of the Dungeon.
             The game lasted 00:04:40 (2195 turns).

Shayle the Apothecary (Coglin Alchemist)            Turns: 2195, Time: 00:04:40

Health: 0/30       AC:  5    Str:  8    XL:     4   Next: 89%
Magic:  6/6        EV: 11    Int: 17    God:
Gold:   127        SH:  0    Dex: 14    Spells: 2/6 levels left

rFire   . . .        c - +0 whip {Dalbir}
rCold   . . .        i - +1 dagger (venom) {Sebastián}
rNeg    . . .        a - +0 robe
rPois   .            (no helmet)
rElec   .            g - +0 cloak
rCorr   .            f - +0 pair of gloves
SInv    .            j - +0 pair of boots
Will    .....        (amulet unavailable)
Stlth   ++           (ring unavailable)
HPRegen 0.25/turn    (ring unavailable)
MPRegen 0.10/turn    (no gizmo)

%: no passive effects
@: revved
A: off-hand wielding, slow wielding, warmup strikes, no jewellery
a: Invent Gizmo


You were on level 3 of the Dungeon.
You visited 1 branch of the dungeon, and saw 3 of its levels.

You collected 127 gold pieces.

Inventory:

Hand Weapons
 c - a +0 whip (weapon) {Dalbir}
 d - a +0 dagger {Luis}
 i - a +1 dagger of venom (offhand) {Sebastián}
Armour
 a - a +0 robe (worn)
 f - a +0 pair of gloves (worn)
 g - a +0 cloak (worn)
 j - a +0 pair of boots (worn)
Wands
 m - a wand of acid (5)
Scrolls
 e - a scroll of noise {unknown}
 h - a scroll of torment {unknown}
 k - a scroll of identify {unknown}
 l - 3 scrolls of blinking {unknown}
 n - a scroll of enchant weapon {unknown}
Potions
 b - a potion of magic
 o - a potion of might {unknown}


   Skills:
 - Level 1.7 Dodging
 - Level 1.5 Stealth
 - Level 1.7 Spellcasting
 + Level 2.9 Conjurations
 + Level 4.8 Alchemy


You had 2 spell levels left.
You knew the following spells:

 Your Spells              Type           Power      Damage    Failure   Level
a - Sting                 Conj/Alch      56%        1d6       4%          1
b - Mephitic Cloud        Conj/Alch/Air  10%        N/A       21%         3

Your spell library contained the following spells:

 Spells                   Type           Power      Damage    Failure   Level
 Mercury Vapours          Alch/Air       18%        N/A       11%         2
 Olgreb's Toxic Radiance  Alch           17%        N/A       26%         4
 Sticky Flame             Fire/Alch      9%         2d5       58%         4


Dungeon Overview and Level Annotations

Branches:
Dungeon (3/15)

Altars:

Annotations:
D:3 Natasha


Innate Abilities, Weirdness & Mutations

You can wield a second weapon in your off-hand.
It takes a long time for you to wield or remove held weapons.
Your first few attacks do less damage.
You cannot equip rings or amulets.


Message History

You hit the gnoll but do no damage. The gnoll hits you with a +0 club.
A gnoll comes into view. It is wielding a +0 club.
You barely miss the gnoll with your +0 whip.
The gnoll is lightly wounded.
You closely miss the gnoll with your +1 dagger of venom.
The gnoll closely misses you.
The gnoll hits you from afar with a +0 spear.
The gnoll shouts!
You hit the gnoll but do no damage.
The gnoll is lightly wounded.
You hit the gnoll but do no damage. The gnoll hits you with a +0 club.
The gnoll hits you but does no damage.
You hit the gnoll with your +1 dagger of venom.
The gnoll is poisoned.
The gnoll is lightly wounded.
You closely miss the gnoll with your +0 whip.
The gnoll hits you but does no damage.
The gnoll hits you from afar with a +0 spear.
You hit the gnoll with your +0 whip.
The gnoll is moderately wounded.
You barely miss the gnoll with your +1 dagger of venom.
The gnoll barely misses you. The gnoll hits you with a +0 club.
You hit the gnoll but do no damage.
The gnoll is heavily wounded.
You hit the gnoll with your +0 whip. The gnoll hits you with a +0 club.
The gnoll closely misses you. The gnoll barely misses you.
The gnoll closely misses you.
You barely miss the gnoll with your +1 dagger of venom.
The gnoll is severely wounded.
You hit the gnoll but do no damage. The gnoll hits you with a +0 club.
The gnoll hits you from afar with a +0 spear!
* * * LOW HITPOINT WARNING * * *
You barely miss the gnoll with your +0 whip.
The gnoll is almost dead.
You closely miss the gnoll with your +1 dagger of venom.
You kill the gnoll!
The gnoll hits you from afar with a +0 spear.
* * * LOW HITPOINT WARNING * * *
The gnoll hits you with a +0 spear.
You die...

#.####### #.# ##.#
#.# ...# ##.###
##.### #.... #...#
#>.# ###.#######..#
#..........# # .
##########.####.#..##
#...@gg.....
############


You could see 2 gnolls.

Vanquished Creatures
  2 orc wizards (D:2)
  A gnoll (D:3)
  A ribbon worm (D:2)
  3 orcs (D:2)
  5 endoplasms
  5 goblins
  A hobgoblin (D:2)
  10 jackals
  2 quokkas (D:1)
  4 ball pythons
  6 bats
  2 frilled lizards (D:1)
  5 kobolds
  2 rats
49 creatures vanquished.

Notes
Turn   | Place    | Note
-------+----------+-------------------------------------------
     0 | D:1      | Shayle the Coglin Alchemist began the quest for the Orb.
     0 | D:1      | Reached XP level 1. HP: 13/13 MP: 3/3
    54 | D:1      | Reached skill level 1 in Conjurations
   340 | D:1      | Reached XP level 2. HP: 18/19 MP: 4/4
  1179 | D:2      | Reached XP level 3. HP: 24/24 MP: 2/5
  1215 | D:2      | Found a faded altar of an unknown god.
  1225 | D:2      | Reached skill level 4 in Alchemy
  1630 | D:2      | Reached XP level 4. HP: 22/30 MP: 6/6
  1716 | D:2      | Learned a level 3 spell: Mephitic Cloud
  2069 | D:3      | Noticed Natasha
  2195 | D:3      | Slain by a gnoll

Illustrated notes

Levels and vault maps discovered:
D:1:      roadster_arrival_rocket_large, layout_basic, hangedman_decor_push
D:2:      layout_loops_ring, hellmonk_ecumenical_altar_dog_temple,
          solitary_fountain
D:3:      layout_loops_ring, gammafunk_temple_overflow_arena,
          old_standard_altar, uniq_sigmund, uniq_grinder, uniq_natasha

Skill      XL: |  1  2  3 |
---------------+----------+-----
Conjurations   | 1 2 |  2.9
Alchemy        | 4 |  4.8
Dodging        | |  1.7
Stealth        | |  1.5
Spellcasting   | |  1.7

Action                     |  1- 3 |  4- 6 || total
---------------------------+-------+-------++-------
  Melee: Whip              |    64 |    36 ||   100
         Dagger            |    48 |    39 ||    87
   Cast: Sting             |    38 |       ||    38
   Stab: Sleeping          |     2 |       ||     2
 Armour: Robe              |    45 |    29 ||    74
  Dodge: Dodged            |    43 |    17 ||    60

Table legend: (Time is in decaauts)
 A = Elapsed time spent in this place.
 B = Non-inter-level travel time spent in this place.
 C = Inter-level travel time spent in this place.
 D = Time resting spent in this place.
 E = Time spent auto-exploring this place.
 F = Levels seen in this place.
 G = Mean time per level.
                   A        B        C        D        E       F      G
               +--------+--------+--------+--------+--------+-----+--------+
         Total |   2200 |   2151 |     49 |    211 |   1410 |   3 |  733.3 |
       Dungeon |   2200 |   2151 |     49 |    211 |   1410 |   3 |  733.3 |
               +--------+--------+--------+--------+--------+-----+--------+

Top non-repeatable levels by time:
     D:1: 1177 daAuts
     D:2: 923 daAuts
     D:3: 99 daAuts
